 Dungeon Crawl Stone Soup version 0.29.1-15-g9cfb28693d (webtiles) character file.

Game seed: 5824039589443717573

36343 Peloso the Fencer (level 13, -7/122 HPs)
             Began as a Minotaur Fighter on Feb 24, 2023.
             Was the Champion of Okawaru.
             Mangled by Rupert
             ... wielding a +2 great mace of protection
              (31 damage)
             ... on level 2 of the Orcish Mines.
             The game lasted 00:39:20 (21438 turns).

Peloso the Fencer (Minotaur Fighter)               Turns: 21438, Time: 00:39:21

Health: -7/122     AC: 22    Str: 29    XL:     13   Next: 52%
Magic:  0/13       EV: 16    Int:  5    God:    Okawaru [******]
Gold:   1654       SH:  7    Dex: 13    Spells: 12/12 levels left

rFire   + . .      SeeInvis .   a - +2 double sword (flame)
rCold   + . .      Faith    .   d - +0 buckler
rNeg    . . .      Spirit   +   K - +4 scale mail {rF+}
rPois   +          Reflect  .   q - +2 hat
rElec   .          Harm     .   I - +0 cloak
rCorr   .          Rampage  .   (no gloves)
Will    .....      NoCast   +   s - +2 pair of boots
Stlth   ++........              F - amulet of Usede {Spirit -Cast rPois rC+}
HPRegen 0.30/turn               H - +6 ring of strength
MPRegen 0.13/turn               P - +4 ring of slaying

@: heroic
A: horns 2, retaliatory headbutt
a: Renounce Religion, Heroism, Finesse, Duel


You were on level 2 of the Orcish Mines.
You worshipped Okawaru.
Okawaru was exalted by your worship.
You visited 3 branches of the dungeon, and saw 17 of its levels.

You collected 1654 gold pieces.

Inventory:

Hand Weapons
 a - a +2 double sword of flaming (weapon)
 b - a +4 long sword of freezing
 c - a +0 whip of flaming
 Q - the +10 sling of Egomania {speed, rF+ Str+4}
   (You found it on level 3 of the Lair of Beasts)

   Attacks with this weapon are significantly faster.
   Str:       It affects your strength (+4).
   rF:        It protects you from fire.
Armour
 d - a +0 buckler (worn)
 q - a +2 hat (worn)
 s - a +2 pair of boots (worn)
 I - a +0 cloak (worn)
 K - a +4 scale mail of fire resistance (worn)
Jewellery
 o - a ring of see invisible
 t - an amulet of faith
 y - a ring of fire
 z - the ring of Ephemeral Luck {Fly Int+6 Dex-2}
   (You took it off an orc priest on level 10 of the Dungeon)

   [ring of flight]

   Int:       It affects your intelligence (+6).
   Dex:       It affects your dexterity (-2).
   Fly:       It grants you flight.
 D - a ring of positive energy
 F - the amulet of Usede (around neck) {Spirit -Cast rPois rC+}
   (You took it off an orc on level 7 of the Dungeon)

   [amulet of guardian spirit]

   It causes incoming damage to be divided between your reserves of health and
   magic.
   rC:        It protects you from cold.
   rPois:     It protects you from poison.
   -Cast:     It prevents spellcasting.
 G - a ring of poison resistance
 H - a +6 ring of strength (left hand)
 P - a +4 ring of slaying (right hand)
 T - a ring of ice
Wands
 h - a wand of digging (6)
 C - a wand of flame (15)
 J - a wand of roots (1)
 N - a wand of light (3)
 U - a wand of mindburst (3)
Scrolls
 g - 4 scrolls of teleportation
 j - 6 scrolls of fog
 k - a scroll of identify
 m - 2 scrolls of poison
 p - a scroll of silence
 u - a scroll of blinking
 v - 4 scrolls of fear
 A - 3 scrolls of enchant armour
 B - a scroll of noise
 E - a scroll of immolation
 M - a scroll of magic mapping
 S - a scroll of amnesia {unknown}
Potions
 e - 6 potions of flight
 f - a potion of might
 i - 7 potions of brilliance
 l - 7 potions of mutation
 n - a potion of resistance
 r - a potion of cancellation
 w - 6 potions of curing
 x - 4 potions of heal wounds
 O - a potion of ambrosia
Miscellaneous
 L - a condenser vane


   Skills:
 + Level 13.0(18.0) Fighting
 + Level 17.3(22.3) Long Blades
 + Level 13.1(18.1) Armour
 + Level 7.7(12.7) Dodging
 + Level 2.0(7.0) Stealth
 + Level 9.5(14.5) Shields
 + Level 2.5 Invocations
 + Level 1.6 Evocations


You had 12 spell levels left.
You didn't know any spells.
Your spell library contained the following spells:

 Spells                   Type           Power      Damage    Failure   Level
 Confusing Touch          Hex            0%         N/A       96%         3
 Frozen Ramparts          Ice            0%         1d1       96%         3
 Portal Projectile        Hex/Tloc       0%         N/A       96%         3
 Ice Form                 Ice/Tmut       0%         N/A       100%        4
 Leda's Liquefaction      Hex/Erth       0%         N/A       100%        4
 Yara's Violent Unravell  Hex/Tmut       0%         3d3       100%        5
 Conjure Ball Lightning   Conj/Air       0%         3x3d6     100%        6
 Enfeeble                 Hex            0%         N/A       100%        7
 Discord                  Hex            0%         N/A       100%        8
 Disjunction              Tloc           0%         N/A       100%        8
 Call Canine Familiar     Summ           Unusable   N/A       N/A         3
 Summon Ice Beast         Ice/Summ       Unusable   N/A       N/A         4

Dungeon Overview and Level Annotations

Branches:
Dungeon (12/15)            Temple (0/1) D:7            Lair (3/5) D:10
  Swamp (0/4) Lair:2        Snake (0/4) Lair:3          Orc (2/2) D:10
    Elf: Orc:2

Altars:
Ashenzari
Fedhas
Gozag
Hepliaklqana
Makhleb
Okawaru
Ru
Sif Muna
Trog
Vehumet
Wu Jian
Xom
Yredelemnul
Zin
The Shining One

Shops:
D:8 [

Annotations:
D:5 1 runed translucent door, 112233's ghost, amateur DsHW
D:10 2 transporters, MacCMillion's ghost, journeyman TrFi
Lair:2 1 runed translucent door, BabyfaceFinlayson's ghost, journeyman OgFE
Orc:2 Rupert


Innate Abilities, Weirdness & Mutations

You have a pair of horns on your head.
You reflexively headbutt those who attack you in melee.


Message History

You block the orc priest's attack.
Unknown command.
You closely miss the orc priest.
The orc priest is moderately wounded.
An ogre comes into view. It is wielding a +0 giant spiked club.
Unknown command.
You slash Rupert!
Rupert is lightly wounded.
Unknown command.
You slice Rupert!! Your headbutt misses Rupert.
Rupert is moderately wounded.
Rupert misses you.
The orc wizard gestures wildly while chanting.
The orc wizard flickers and vanishes!
Deactivating autopickup; reactivate with Ctrl-A.
The orc priest invokes the aid of Beogh against you.
Beogh smites you!
Rupert hits you with a +2 great mace of protection!!
You slash Rupert! You burn Rupert.
Rupert is moderately wounded.
Rupert hits you with a +2 great mace of protection!
Unknown command.
You slash Rupert!
Rupert is moderately wounded.
Rupert hits you with a +2 great mace of protection!!
The orc priest miscasts a cantrip.
Unknown command.
You slice Rupert!! You burn Rupert.
Rupert is heavily wounded.
Rupert hits you with a +2 great mace of protection!!
* * * LOW HITPOINT WARNING * * *
Unknown command.
As you read the scroll of fear, it crumbles to dust.
You assume a fearsome visage.
Rupert is unaffected.
The orc priest looks frightened! x2; The orc wizard looks frightened!
The ogre looks frightened!
The orc wizard gestures wildly while chanting.
The orc wizard flickers and vanishes!
Rupert hits you with a +2 great mace of protection!!
You die...

#.#... ##.......
##### #.#.......
##...##..........
##.....##.........
##.....##...<......
#....)..)..#$......
#...##.##<.........
.....
#...##@#.#..#..
.... ##.####@.....#
##. ### #..{......
# ##.o......
#..o..... ..O......
......... .........
..........


You could see Rupert (berserk), an ogre (fleeing) and 2 orc priests.

Vanquished Creatures
  Gastronok (D:8)
  2 hydras (D:12)
  Fannar (D:11)
  A boulder beetle (D:7)
  A catoblepas (Lair:3)
  6 death yaks
  Urug (D:10)
  Sonja (D:10)
  A bog body (Lair:2)
  Pikel (D:6)
  An orc knight (Orc:1)
  A cyclops (Orc:1)
  An ugly thing (D:12)
  Maurice (D:9)
  2 black mambas
  3 elephants (Lair:3)
  A gargoyle (D:12)
  An unseen horror (D:11)
  5 cane toads
  Maggie (D:8)
  Psyche (D:8)
  A rime drake (Lair:2)
  7 komodo dragons
  3 kobold demonologists
  5 trolls
  A polar bear (Lair:3)
  A hornet (D:7)
  8 blink frogs
  5 wraiths
  23 yaks
  Grum (D:10)
  A vampire (D:10)
  6 basilisks
  A steam dragon (D:9)
  Eustachio (D:5)
  4 vampire mosquitoes (D:10)
  Menkaure (D:6)
  3 nagas (Lair:3)
  5 swamp worms (Lair:2)
  4 wargs
  An acid dragon (D:10)
  4 water moccasins
  9 orc warriors
  An ice beast (D:5)
  2 black bears
  12 wolves
  A phantom (D:4)
  5 ogres
  2 lemures (D:6)
  3 centaurs
  4 kobold brigands
  A gnoll sergeant (D:10)
  7 bullfrogs
  7 necrophages
  21 wights
  11 killer bees
  7 howler monkeys
  An electric eel (Lair:2)
  2 bullfrog zombies
  3 hounds
  19 orc priests
  A jelly (D:4)
  4 iguanas
  A scorpion zombie (D:4)
  Ijyb (D:3)
  18 orc wizards
  Robin (D:3)
  8 gnolls
  15 adders
  A white imp (D:7)
  3 ufetubi
  4 dart slugs
  72 orcs
  10 endoplasms
  4 giant cockroaches
  10 goblins
  6 hobgoblins
  9 jackals
  22 kobolds
  A quokka (D:1)
  4 ball pythons
  5 bats
  A rat (D:2)
439 creatures vanquished.

Vanquished Creatures (others)
  A hornet (D:10)
  A steam dragon (D:10)
  A killer bee (D:10)
  5 bushes (D:5)
  15 fungi
  61 plants
84 creatures vanquished.

Grand Total: 523 creatures vanquished

Notes
Turn   | Place    | Note
-------+----------+-------------------------------------------
     0 | D:1      | Peloso the Minotaur Fighter began the quest for the Orb.
     0 | D:1      | Reached XP level 1. HP: 19/19 MP: 0/0
   105 | D:1      | Reached XP level 2. HP: 27/27 MP: 1/1
   963 | D:2      | Reached XP level 3. HP: 33/33 MP: 2/2
  1211 | D:2      | Reached skill level 3 in Long Blades
  1436 | D:2      | Found a faded altar of an unknown god.
  1567 | D:3      | Noticed Ijyb
  1794 | D:2      | Reached XP level 4. HP: 31/40 MP: 3/3
  1875 | D:3      | Killed Ijyb
  2016 | D:3      | Reached skill level 4 in Long Blades
  2203 | D:3      | Reached XP level 5. HP: 46/46 MP: 4/4
  2203 | D:3      | Noticed Robin
  2231 | D:3      | Killed Robin
  2855 | D:4      | Reached skill level 5 in Armour
  2864 | D:4      | Reached skill level 5 in Long Blades
  3136 | D:4      | Found an iron altar of Okawaru.
  3145 | D:4      | Found a burning altar of Makhleb.
  3220 | D:4      | Reached XP level 6. HP: 15/53 MP: 5/5
  3477 | D:4      | Became a worshipper of Warmaster Okawaru
  3586 | D:4      | Reached skill level 1 in Dodging
  3976 | D:4      | Reached skill level 5 in Fighting
  4017 | D:4      | Found a basalt altar of Yredelemnul.
  4093 | D:4      | Reached skill level 6 in Long Blades
  4107 | D:4      | Reached * piety under Okawaru
  4108 | D:4      | Reached XP level 7. HP: 34/61 MP: 6/6
  4485 | D:5      | Entered Level 5 of the Dungeon
  4587 | D:5      | Reached skill level 7 in Long Blades
  4660 | D:5      | Found a shimmering blue altar of Sif Muna.
  4679 | D:5      | Reached skill level 5 in Shields
  4756 | D:5      | Found a runed translucent door.
  4786 | D:5      | Noticed Eustachio
  4842 | D:5      | Killed Eustachio
  5242 | D:5      | Reached XP level 8. HP: 70/70 MP: 7/7
  5275 | D:5      | Reached skill level 8 in Long Blades
  5276 | D:5      | Found a blossoming altar of Fedhas.
  5290 | D:5      | Reached ** piety under Okawaru
  5329 | D:5      | Reached skill level 9 in Long Blades
  5497 | D:5      | Found a bloodstained altar of Trog.
  5606 | D:5      | Noticed 112233's ghost (amateur DsHW)
  5969 | D:6      | Noticed Menkaure
  6292 | D:5      | Reached skill level 10 in Long Blades
  6562 | D:6      | Killed Menkaure
  6584 | D:5      | Reached XP level 9. HP: 19/77 MP: 8/8
  7287 | D:6      | Noticed Pikel
  7304 | D:6      | Killed Pikel
  7304 | D:6      | Reached *** piety under Okawaru
  7305 | D:6      | Reached skill level 11 in Long Blades
  7591 | D:7      | Reached skill level 1 in Invocations
  7877 | D:7      | Identified the amulet of Usede {Spirit -Cast rPois rC+}
  8397 | D:7      | Reached skill level 12 in Long Blades
  8526 | D:7      | Noticed a boulder beetle
  8564 | D:7      | Killed a boulder beetle
  8564 | D:7      | Reached **** piety under Okawaru
  8564 | D:7      | Received a gift from Okawaru
  8565 | D:7      | Reached XP level 10. HP: 23/86 MP: 1/10
  8921 | D:7      | Found a staircase to the Ecumenical Temple.
  8965 | D:7      | Found a hazy altar of Hepliaklqana.
  9094 | D:8      | Noticed Maggie
  9115 | D:8      | Killed Maggie
  9229 | D:8      | Noticed Gastronok
  9249 | D:8      | Killed Gastronok
  9250 | D:8      | Reached skill level 13 in Long Blades
  9435 | D:8      | Reached skill level 10 in Armour
  9581 | D:8      | Noticed Psyche
  9646 | D:8      | Killed Psyche
  9647 | D:8      | Reached skill level 1 in Evocations
  9801 | D:8      | Found Sexy's Antique Armour Shop.
 10096 | D:8      | Found a sacrificial altar of Ru.
 10221 | D:8      | Found a glowing silver altar of Zin.
 10265 | D:9      | Found an ornate altar of the Wu Jian Council.
 10338 | D:9      | Found a radiant altar of Vehumet.
 10343 | D:9      | Found a broken altar of Ashenzari.
 10344 | D:9      | Found an opulent altar of Gozag.
 10600 | D:9      | Found a shimmering altar of Xom.
 10649 | D:9      | Received a gift from Okawaru
 10925 | D:9      | Noticed Maurice
 11118 | D:9      | Reached XP level 11. HP: 91/95 MP: 9/11
 11208 | D:9      | Killed Maurice
 11475 | D:10     | Entered Level 10 of the Dungeon
 11475 | D:10     | Found a staircase to the Lair.
 11556 | D:9      | Reached skill level 14 in Long Blades
 12012 | D:10     | Noticed Urug
 12023 | D:10     | Killed Urug
 12023 | D:10     | Reached ***** piety under Okawaru
 12322 | D:10     | Identified the ring of Ephemeral Luck {Fly Int+6 Dex-2}
 12349 | D:10     | Found a staircase to the Orcish Mines.
 12615 | D:10     | Noticed Grum
 12633 | D:10     | Killed Grum
 12900 | D:10     | Noticed Sonja
 12906 | D:10     | Killed Sonja
 12907 | D:10     | Reached skill level 1 in Stealth
 13014 | D:10     | Found a glowing golden altar of the Shining One.
 13069 | D:10     | Noticed a two-headed ogre
 13089 | D:10     | Found a transporter.
 13090 | D:10     | Noticed a centaur warrior
 13135 | D:10     | Noticed MacCMillion's ghost (journeyman TrFi)
 13155 | D:10     | Found a transporter.
 13395 | Lair:1   | Entered Level 1 of the Lair of Beasts
 13683 | Lair:1   | Noticed a death yak
 13683 | Lair:1   | Noticed a death yak
 13683 | Lair:1   | Noticed a death yak
 13723 | D:10     | Killed a death yak
 13724 | D:10     | Reached skill level 10 in Fighting
 13804 | D:10     | Killed a death yak
 13804 | D:10     | Received a gift from Okawaru
 13934 | Lair:1   | Noticed a death yak
 13937 | Lair:1   | Noticed a death yak
 13937 | Lair:1   | Noticed a death yak
 13938 | Lair:1   | Killed a death yak
 13939 | Lair:1   | Reached skill level 15 in Long Blades
 13948 | D:10     | Killed a death yak
 13968 | Lair:1   | Killed a death yak
 13976 | Lair:1   | Killed a death yak
 13977 | Lair:1   | Reached XP level 12. HP: 55/107 MP: 7/12
 15017 | Orc:1    | Entered Level 1 of the Orcish Mines
 15135 | Lair:2   | Reached skill level 5 in Dodging
 15294 | Lair:2   | Found a runed translucent door.
 15661 | Lair:2   | Reached ****** piety under Okawaru
 15725 | Lair:2   | Reached skill level 16 in Long Blades
 15865 | Lair:2   | Received a gift from Okawaru
 16567 | Lair:2   | Found a staircase to the Swamp.
 16765 | Lair:2   | Identified the +4 trident of World Downfall {flame, Dex+6}
 16766 | Lair:2   | Noticed BabyfaceFinlayson's ghost (journeyman OgFE)
 17464 | Lair:3   | Identified the +1 robe of Okawaru's Hope {+Blink rElec rF+
                  | Str-3} (Okawaru gifted it to you on level 3 of the Lair of
                  | Beasts)
 17464 | Lair:3   | Received a gift from Okawaru
 17528 | Lair:3   | Identified the +10 sling of Egomania {speed, rF+ Str+4}
 17634 | Lair:3   | Noticed a catoblepas
 17779 | Lair:3   | Killed a catoblepas
 17780 | Lair:3   | Reached XP level 13. HP: 77/118 MP: 7/13
 18022 | Lair:3   | Found a staircase to the Snake Pit.
 19713 | D:11     | Noticed Fannar
 19726 | D:11     | Killed Fannar
 20299 | D:12     | Reached skill level 17 in Long Blades
 21394 | Orc:2    | Entered Level 2 of the Orcish Mines
 21424 | Orc:2    | Noticed Rupert
 21438 | Orc:2    | Mangled by Rupert

Illustrated notes

Levels and vault maps discovered:
D:1:      minmay_arrival_plants_in_alcoves, layout_loops_ring, st_stairs_1
D:2:      layout_basic, hellmonk_ecumenical_altar_pennies_from_heaven
D:3:      layout_basic, nicolae_concentric_dashed_squares_wild, uniq_robin,
          uniq_ijyb
D:4:      layout_loops_ring, mainiacjoe_overflow_swirl,
          lemuel_zombie_altar_yredelemnul
D:5:      layout_basic, mainiacjoe_overflow_cross_hatched,
          fedhas_altar_decomposition, overflow_temple_1_default,
          ebering_ghost_reflecting_pool, kennysheep_generic_room_5,
          uniq_eustachio
D:6:      layout_cave_pools, uniq_menkaure, uniq_pikel
D:7:      layout_cave_pools, mainiacjoe_overflow_paths,
          minmay_temple_entry_ruins
D:8:      layout_loops_ring, zin_statuary, nicolae_ru_path_of_blood,
          serial_shops, nicolae_shop_waterfront, uniq_maggie, uniq_gastronok,
          uniq_psyche
D:9:      layout_basic, xom_butterflies, pdpol_wu_jian_five_deadly_venoms,
          minitemple, uniq_maurice
D:10:     layout_loops_ring, tso_altar, erik_lair_orcish_takeover,
          hiddenorc2_lemuel, nzn_ghost_randoct, uniq_grum, uniq_sonja, uniq_urug
D:11:     layout_rooms, uniq_fannar
D:12:     layout_basic
Lair:1:   layout_regular_city, serial_rivers, chequers_serial_rivers_micro_b,
          chequers_serial_rivers_large_b, chequers_serial_rivers_micro_e,
          chequers_serial_rivers_small_a
Lair:2:   layout_roguey, nicolae_swamp_entry_splash_gauntlet,
          ebering_ghost_funeral_grove, lemuel_fruit_fields
Lair:3:   minmay_lair_venomous_thicket, layout_cave_pods,
          guppyfry_snake_entry_garden
Orc:1:    minmay_goldmine, layout_diamond_mine
Orc:2:    st_orc_open, layout_caves, hellmonk_bongcloud_opening,
          nicolae_shop_vocational, uniq_rupert, uniq_nessos

Skill      XL: |  1  2  3  4  5  6  7  8  9 10 11 12 13 |
---------------+----------------------------------------+-----
Shields        | 4 5 6 7 8 9 |  9.5
Armour         | 4 5 6 7 9 10 11 12 13 | 13.1
Fighting       | 4 5 6 7 8 10 12 13 | 13.0
Long Blades    | 3 4 5 6 7 10 12 13 15 16 17 | 17.3
Dodging        | 1 2 3 4 6 7 |  7.7
Invocations    | 1 2 |  2.5
Evocations     | 1 |  1.6
Stealth        | 1 2 |  2.0

Action                   |  1- 3 |  4- 6 |  7- 9 | 10-12 | 13-15 || total
-------------------------+-------+-------+-------+-------+-------++-------
Melee: Long sword        |    69 |   158 |   329 |   235 |       ||   791
       Headbutt          |     9 |    33 |    61 |   171 |    32 ||   306
       Double sword      |       |       |       |   487 |   224 ||   711
Invok: Heroism           |       |       |     6 |    14 |     3 ||    23
Evoke: Wand              |       |       |     5 |     3 |       ||     8
  Use: Scroll            |     3 |     3 |     1 |    13 |     4 ||    24
       Potion            |     2 |     1 |     3 |     1 |       ||     7
 Stab: Petrified         |       |       |       |     1 |       ||     1
Armor: Scale mail        |    32 |       |       |   221 |    86 ||   339
       Chain mail        |     9 |    99 |   155 |   113 |       ||   376
Dodge: Dodged            |    40 |    52 |   101 |   309 |   118 ||   620
Block: Buckler           |    16 |    39 |    63 |   203 |    54 ||   375
